 Dungeon Crawl Stone Soup version 0.28.0-1-gb440e238dd (webtiles) character file.

Game seed: 8046992816737707996

173 Armakuni the Magician (level 5, -8/31 HPs)
             Began as a Deep Elf Artificer on Feb 19, 2022.
             Killed by divine providence
             ... invoked by an orc priest
              (14 damage)
             ... on level 5 of the Dungeon on Feb 20, 2022.
             The game lasted 00:12:21 (5159 turns).

Armakuni the Magician (Deep Elf Artificer)          Turns: 5159, Time: 00:12:21

Health: -8/31      AC:  3    Str: 10 (11) XL:     5   Next: 28%
Magic:  8/21       EV: 12    Int: 14 (16) God:
Gold:   126        SH:  0    Dex: 14 (15) Spells: 6/11 levels left

rFire   . . .      SeeInvis .   a - +0 whip
rCold   . . .      Faith    .   (no shield)
rNeg    + . .      Spirit   .   b - +0 leather armour
rPois   .          Reflect  .   (no helmet)
rElec   .          Harm     .   (no cloak)
rCorr   .          Rampage  .   (no gloves)
Will    .....                   (no boots)
Stlth   +.........              (no amulet)
HPRegen 0.10/turn               N - ring of positive energy
MPRegen 0.17/turn               P - ring of magical power

@: very slightly contaminated
A: no striking features
a: no special abilities


You were on level 5 of the Dungeon.
You visited 1 branch of the dungeon, and saw 5 of its levels.

You collected 126 gold pieces.

Inventory:

Hand Weapons
 a - a +0 whip (weapon)
Armour
 b - a +0 leather armour (worn)
 g - a +0 ring mail
 j - +0 gold dragon scales
Jewellery
 J - a ring of protection from cold
 N - a ring of positive energy (left hand)
 P - a ring of magical power (right hand)
Wands
 c - a wand of flame (6)
 d - a wand of charming (10)
Scrolls
 p - a scroll of identify
Potions
 l - 2 potions of flight
 m - a potion of lignification
Miscellaneous
 e - a piece from Xom's chessboard (10/15)


   Skills:
 - Level 2.6 Fighting
 - Level 0.7 Armour
 - Level 2.4 Dodging
 - Level 1.2 Stealth
 + Level 3.5 Spellcasting
 - Level 2.9 Conjurations
 + Level 0.0 Summonings
 - Level 3.2 Evocations


You had 6 spell levels left.
You knew the following spells:

 Your Spells              Type           Power      Damage    Failure   Level
a - Slow                  Hex            8%         N/A       28%         1
k - Call Canine Familiar  Summ           2%         N/A       63%         3
z - Shock                 Conj/Air       24%        1d4       16%         1

Your spell library contained the following spells:

 Spells                   Type           Power      Damage    Failure   Level
 Summon Small Mammal      Summ           8%         N/A       26%         1
 Apportation              Tloc           4%         N/A       28%         1
 Summon Guardian Golem    Hex/Summ       2%         N/A       63%         3
 Alistair's Intoxication  Tmut/Pois      1%         N/A       100%        5


Dungeon Overview and Level Annotations

Branches:
Dungeon (5/15)
 Temple: D:4-7

Altars:
Kikubaaqudgha
Xom

Annotations:
D:2 Sigmund


Message History

The orc wizard points at you and mumbles some strange words.
The magic dart hits you.
Okay, then.
Okay, then.
Unknown command.
Aiming: Charm
Press: ? - help, Shift-Dir - straight line, f - orc wizard, p - orc priest
Aim: an orc wizard, wielding a +0 dagger and wearing a +0 robe (moderately wounded, chance to affect: 57%)
The orc wizard resists with significant effort.
The orc wizard closely misses you. The orc priest hits you with a +0 mace.
Aiming: Charm
Press: ? - help, Shift-Dir - straight line, f/p - orc wizard
Aim: an orc wizard, wielding a +0 dagger and wearing a +0 robe (moderately wounded, chance to affect: 57%)
The orc wizard is charmed.
The orc priest hits you with a +0 mace.
Aiming: Charm
Press: ? - help, Shift-Dir - straight line, f - orc priest, p - orc wizard
Aim: an orc priest, wielding a +0 mace (almost dead, chance to affect: 57%)
Okay, then.
You barely miss the orc priest.
The orc priest is almost dead.
The scorpion stings your orc wizard but does no damage.
Your orc wizard hits the scorpion with a +0 dagger.
The orc priest hits you with a +0 mace.
* * * LOW HITPOINT WARNING * * *
The scorpion closely misses your orc wizard.
It was a potion of degeneration.
There was something very wrong with that liquid.
You feel weakened.
You feel dopey.
You feel clumsy.
Your orc wizard hits the scorpion with a +0 dagger.
The scorpion barely misses your orc wizard.
The orc priest barely misses you.
Aiming: Charm
Press: ? - help, Shift-Dir - straight line, f - orc priest, p - orc wizard
Aim: an orc priest, wielding a +0 mace (almost dead, chance to affect: 57%)
The orc priest resists with significant effort.
Your orc wizard hits the scorpion with a +0 dagger.
The scorpion closely misses your orc wizard.
The orc priest invokes the aid of Beogh against you.
Beogh smites you!
You die...

,,,,,,,,**,,,,,,,,,,,,,,,**8,8*,>
**,,,,,,,,....,**.......,,**,**,,
*,,,,,*,).#...,##.......,,**,****
*,,,,,**..#...##........,,*8,8*,*
,,,*,,,*................,,**,**,,
**,,*,,,...(............,,**+**,,
**,,*,,,................,,,,,,,,,
**,,,,,,................,,,,,,,,,
,,,,,,,,......so@.......,,,,,**,,
,,,,,,<,..[...oo.......[,,,,,,,,,
,,,,,,,,................,,,,,,,,,
,,,,,,,,...............!,,,,,**,,
+****,,,......##...#.$..,,,,,,<*,
,≈≈≈*,,,...#..*...###...,,,,,,,,,
,,,≈*,,,..##..,....**#..,,,,,,,,,
8*,≈*,,,##*.$.,.....,,..,,,,,,,,,
**,≈*,,,,*##.,,,.....,,,,,,,,,,,,


You could see a scorpion (ally target), 2 orc priests and a friendly orc wizard
(charmed).

Vanquished Creatures
  A bullfrog skeleton (D:4)
  An iguana (D:5)
  A hound skeleton (D:4)
  3 adders
  An adder skeleton (D:4)
  A dart slug (D:4)
  7 orcs
  12 ball pythons
  4 bats
  4 endoplasms
  3 giant cockroaches (D:1)
  4 goblins
  3 hobgoblins
  A jackal (D:4)
  5 kobolds
  5 quokkas
  A frilled lizard (D:2)
  7 rats
64 creatures vanquished.

Vanquished Creatures (collateral kills)
  A goblin (D:4)
  2 frilled lizards (D:1)
3 creatures vanquished.

Vanquished Creatures (others)
  A ball python (D:1)
1 creature vanquished.

Grand Total: 68 creatures vanquished

Notes
Turn   | Place    | Note
-------+----------+-------------------------------------------
     0 | D:1      | Armakuni the Deep Elf Artificer began the quest for the
                  | Orb.
     0 | D:1      | Reached XP level 1. HP: 11/11 MP: 3/3
    23 | D:1      | Reached skill level 1 in Fighting
   345 | D:1      | Reached XP level 2. HP: 8/17 MP: 4/4
   829 | D:1      | Got Yvoophed's Beginning Course on Sorcery
   902 | D:1      | Found a faded altar of an unknown god.
  1145 | D:2      | Reached XP level 3. HP: 7/22 MP: 5/5
  1728 | D:2      | Noticed Sigmund
  2042 | D:3      | Learned a level 1 spell: Shock
  2044 | D:3      | Learned a level 1 spell: Slow
  2193 | D:3      | Reached skill level 1 in Spellcasting
  2250 | D:3      | Found an ancient bone altar of Kikubaaqudgha.
  2281 | D:3      | Reached skill level 1 in Conjurations
  2284 | D:3      | HP: 1/22 [poisoned by an adder]
  3152 | D:4      | Noticed a phantom
  3223 | D:4      | Reached XP level 4. HP: 19/27 MP: 8/8
  3413 | D:4      | Noticed a necrophage
  3485 | D:3      | HP: 1/22 [necrophage (5)]
  4135 | D:4      | Found a shimmering altar of Xom.
  4236 | D:4      | Reached XP level 5. HP: 29/30 MP: 11/11
  4758 | D:4      | Noticed an ogre
  4771 | D:5      | Entered Level 5 of the Dungeon
  5136 | D:5      | Learned a level 3 spell: Call Canine Familiar
  5159 | D:5      | Killed from afar by an orc priest

Illustrated notes

Levels and vault maps discovered:
D:1:      ncdulo_lavacross, layout_rooms, shapermc_ecumenical_altar_acropolis
D:2:      layout_rooms, uniq_sigmund
D:3:      layout_rooms, nicolae_kikubaaqudgha_miasma_corner, kennysheep_boxes
D:4:      layout_loops_ring, mainiacjoe_overflow_chevrons,
          minmay_misc_feat_doors, grunt_ministairs_5, minmay_circle_x
D:5:      layout_cave_pools, serial_column_ruins, column_ruins_hut,
          column_ruins_hut_ruined, column_ruins_open_tiny,
          column_ruins_open_medium, column_ruins_corridor_straight,
          column_ruins_grid_2, column_ruins_open_large, dk_noncrumbling_2,
          kennysheep_generic_room_11, uniq_edmund

Skill      XL: |  1  2  3  4 |
---------------+-------------+-----
Fighting       | 1 2 |  2.6
Spellcasting   | 1 3 |  3.5
Conjurations   | 1 2 |  2.9
Armour         | |  0.7
Dodging        | |  2.4
Stealth        | |  1.2
Evocations     | |  3.2

Action                   |  1- 3 |  4- 6 || total
-------------------------+-------+-------++-------
Melee: Club              |    37 |       ||    37
       Whip              |    87 |    22 ||   109
Throw: Dart              |    40 |       ||    40
 Cast: Shock             |     2 |    79 ||    81
       Slow              |     1 |     7 ||     8
Evoke: Wand              |    10 |     4 ||    14
       Piece from Xom's  |     9 |     4 ||    13
  Use: Potion            |       |     3 ||     3
       Scroll            |       |     5 ||     5
 Stab: Paralysed         |     3 |       ||     3
       Sleeping          |       |     1 ||     1
Armor: Leather armour    |    39 |    10 ||    49
       Skin              |       |    11 ||    11
Dodge: Dodged            |   106 |    40 ||   146
